 Dungeon Crawl Stone Soup version 0.18-a0-1720-g8df8b1a (webtiles) character file.

39 Banto the Skirmisher (level 3, 0/30 HPs)
             Began as a Demigod Wanderer on Apr 9, 2016.
             Slain by a worm (5 damage)
             ... on level 2 of the Dungeon.
             The game lasted 00:01:33 (1584 turns).

Banto the Skirmisher (Demigod Wanderer)             Turns: 1584, Time: 00:01:33

Health: 0/30       AC:  9    Str: 15    XL:     3   Next: 11%
Magic:  8/8        EV:  9    Int: 16    God:
Gold:   91         SH:  0    Dex: 17    Spells: 0 memorised, 5 levels left

rFire  . . .     SeeInvis .     j - +0 dagger
rCold  . . .     Gourm    .     a - +2 scale mail
rNeg   . . .     Faith    .     (no shield)
rPois  .         Spirit   .     h - +0 helmet
rElec  .         Dismiss  .     (no cloak)
rCorr  .         Reflect  .     (no gloves)
SustAt +         Harm     .     (no boots)
MR     .....                    (no amulet)
Stlth  ..........               (no ring)
                                (no ring)

@: not resistant to hostile enchantments, extremely unstealthy
A: high mp 1, sustain attributes
a: no special abilities


You were on level 2 of the Dungeon.
You were hungry.

You visited 1 branch of the dungeon, and saw 2 of its levels.

You collected 91 gold pieces.

Inventory:

Hand Weapons
 j - a +0 dagger (weapon)
Armour
 a - a +2 scale mail (worn)
 h - a +0 helmet (worn)
Scrolls
 b - a scroll of teleportation
 g - a scroll of random uselessness {unknown}
 l - a scroll of blinking {unknown}
Potions
 d - a potion of curing {unknown}
 e - a potion of resistance {unknown}
 i - a potion of brilliance {unknown}
 k - a potion of flight {unknown}
 m - a potion of degeneration {unknown}
 o - a potion of mutation {unknown}
Books
 c - the Disquisition on Venom

   Spells                             Type                      Level
   a - Sting                          Conjuration/Poison           1
   b - Mephitic Cloud                 Conjuration/Poison/Air       3
Comestibles
 f - 3 bread rations


   Skills:
 + Level 2.5 Fighting
   Level 1.0 Crossbows
 - Level 1.8 Armour
   Level 1.0 Shields
 - Level 1.9 Spellcasting
   Level 1.0 Fire Magic
   Level 1.7 Poison Magic
   Level 1.0 Evocations


You had 5 spell levels left.
You didn't know any spells.

Dungeon Overview and Level Annotations

Branches:
Dungeon (2/15)


Innate Abilities, Weirdness & Mutations

You have an increased reservoir of magic (+10% MP).
Your attributes are resistant to harm.


Message History

The worm is almost dead.
You hit the worm but do no damage.
The worm is almost dead.
The worm bites you.
* * * LOW HITPOINT WARNING * * *
You hit the worm.
The worm is almost dead.
The worm barely misses you.
You hit the worm but do no damage.
The worm is almost dead.
You hit the worm.
The worm is almost dead.
The worm bites you.
* * * LOW HITPOINT WARNING * * *
You hit the worm but do no damage.
The worm is almost dead.
You hit the worm but do no damage.
The worm is almost dead.
The worm bites you.
You die...

#..........)........
#...8............###
#..8.8..............
#.8._.8......######.
#..8.8....>..##
#...8......#..##
#.......##.##..##
###.#..###.###..#
#.....@w....#.##
######.........####
##.<.........#
#............#
#.รท##...##.....
#..###.......#. #..#
#.#.. .... #..#
..... ##.. #... #.
.. ##


You could see a worm.

Vanquished Creatures
  A dart slug (D:1)
  A giant gecko (D:1)
  4 giant cockroaches
  8 hobgoblins
  5 kobolds (D:1)
  2 bats
  2 giant newts (D:1)
  5 goblins
  3 rats (D:1)
31 creatures vanquished.

Notes
Turn   | Place    | Note
--------------------------------------------------------------
     0 | D:1      | Banto the Demigod Wanderer began the quest for the Orb.
     0 | D:1      | Banto set off with: a +2 scale mail, a scroll of teleportation, the Disquisition on Venom, a +0 club, a bread ration
     0 | D:1      | Reached XP level 1. HP: 14/14 MP: 5/5
     0 | D:1      | Identified the Disquisition on Venom
   393 | D:1      | Reached skill level 1 in Fighting
   440 | D:1      | Reached XP level 2. HP: 19/23 MP: 7/7
   729 | D:1      | Reached skill level 2 in Fighting
  1226 | D:2      | Reached XP level 3. HP: 29/30 MP: 8/8
  1227 | D:2      | Found a faded altar to an unknown god.
  1584 | D:2      | Slain by a worm

Vault maps used:
D:1:      scummos_arrival_forest, minivault_23, grunt_decor_arrowhead
D:2:      ecumenical_altar_2

Skill      XL: |  1  2 |
---------------+-------+-----
Fighting       | 1 2 |  2.5
Crossbows      | |  1.0
Armour         | |  1.8
Shields        | |  1.0
Spellcasting   | |  1.9
Fire Magic     | |  1.0
Poison Magic   | |  1.7
Evocations     | |  1.0

Action                   || total
-------------------------++-------
Melee: Club              ||    29
       Dagger            ||   219
  Eat: Chunk             ||     2
